 Dungeon Crawl Stone Soup version 0.29-a0-542-g075992c915 (webtiles) character file.

Game seed: 17716329382760877110

526 oldriver the Chopper (level 7, 0/59 HPs)
             Began as a Palentonga Delver on June 5, 2022.
             Slain by Duvessa
             ... wielding a +0 short sword
              (15 damage)
             ... on level 4 of the Dungeon.
             The game lasted 00:05:17 (3636 turns).

oldriver the Chopper (Palentonga Delver)            Turns: 3636, Time: 00:05:17

Health: 0/59       AC: 17    Str: 20    XL:     7   Next: 2%
Magic:  7/7        EV:  9    Int: 10    God:
Gold:   104        SH:  0    Dex: 14    Spells: 6/6 levels left

rFire   + . .      SeeInvis +   p - +0 hand axe of Nuagafo {vamp, rN+ Dex+3 SInv}
rCold   + . .      Faith    .   (no shield)
rNeg    + . .      Spirit   .   b - +0 leather armour
rPois   +          Reflect  .   (no helmet)
rElec   +          Harm     .   (no cloak)
rCorr   +          Rampage  .   s - +1 pair of gloves
Will    .....                   (no barding)
Stlth   +.........              o - amulet of regeneration
HPRegen 0.99/turn               e - +4 ring of protection
MPRegen 0.10/turn               (no ring)

@: lit by a corona, resistant, attractive, glowing, curled up
A: large, rugged brown scales 3, see invisible, deformed body, roll 1, armoured
tail, reflexive curl, strong 1
a: Rolling Charge


You were on level 4 of the Dungeon.
You visited 1 branch of the dungeon, and saw 5 of its levels.

You collected 224 gold pieces.
You spent 120 gold pieces at shops.

Inventory:

Hand Weapons
 p - the +0 hand axe of Nuagafo (weapon) {vamp, rN+ Dex+3 SInv}
   (You bought it in a shop on level 1 of the Dungeon)

   It occasionally heals its wielder for a portion of the damage dealt when it
   wounds a living foe.
   Dex:       It affects your dexterity (+3).
   rN:        It protects you from negative energy.
   SInv:      It lets you see invisible.
Missiles
 h - 6 poisoned darts
 q - 6 atropa-tipped darts
Armour
 b - a +0 leather armour (worn)
 m - an orb of mayhem
 s - a +1 pair of gloves (worn)
Jewellery
 e - a +4 ring of protection (left hand)
 o - an amulet of regeneration (around neck)
Wands
 a - a wand of polymorph (6)
 g - a wand of digging (3)
Scrolls
 c - a scroll of fog
 d - a scroll of magic mapping
 i - a scroll of immolation
Potions
 f - a potion of mutation
 n - 3 potions of degeneration


   Skills:
 + Level 5.2 Fighting
 * Level 6.3 Axes
 - Level 1.5 Dodging
 - Level 3.3 Stealth


You had 6 spell levels left.
You didn't know any spells.
Your spell library contained the following spells:

 Spells                   Type           Power      Damage    Failure   Level
 Sublimation of Blood     Necr           0%         N/A       56%         2
 Petrify                  Tmut/Erth      0%         N/A       99%         4
 Irradiate                Conj/Tmut      0%         3d13      100%        5


Dungeon Overview and Level Annotations

Branches:
Dungeon (5/15)
 Temple: D:4-7

Altars:

Shops:
D:1 (

Annotations:
D:4 Duvessa


Innate Abilities, Weirdness & Mutations

You are completely covered in rugged brown scales. (AC +3, +7% HP)
You have supernaturally acute eyesight. (SInv)
Armour fits poorly on your strangely shaped body.
You can roll at nearby foes to attack.
You have a long armoured tail.
You curl defensively after being hit. (AC +7*)
Your muscles are strong. (Str +2)


Message History

You hit Dowan.
Duvessa says, "When magic and the sword combine, nothing stands against them."
Duvessa hits you with a +0 short sword! Dowan hits you but does no damage.
You hit Duvessa.
You feel better.
Your tail-slap misses Duvessa.
Duvessa is moderately wounded.
You hit Dowan.
You feel better. Duvessa hits you but does no damage.
Dowan hits you with a +0 dagger. Duvessa hits you but does no damage.
You hit Duvessa but do no damage. Your punch misses Duvessa.
Duvessa is moderately wounded.
You hit Dowan.
You feel better. Duvessa hits you with a +0 short sword.
Dowan casts a spell.
Dowan blinks!
Dowan is attracted toward you.
You hit Duvessa.
You feel better.
Duvessa is moderately wounded.
You hit Dowan. Duvessa hits you but does no damage.
Dowan hits you but does no damage. Duvessa hits you but does no damage.
You barely miss Duvessa. You tail-slap Duvessa.
You punch Duvessa, but do no damage.
Duvessa is moderately wounded.
You hit Dowan.
You feel better.
You kill Dowan!
Duvessa screams in rage.
Duvessa goes berserk!
Duvessa hits you with a +0 short sword!
You have reached level 7!
You now curl defensively after being hit.
Okay, then.
You barely miss Duvessa.
Duvessa is moderately wounded.
Duvessa hits you with a +0 short sword!
* * * LOW HITPOINT WARNING * * *
Duvessa hits you with a +0 short sword.
* * * LOW HITPOINT WARNING * * *
You hit Duvessa.
You feel better.
Duvessa is moderately wounded.
Duvessa hits you with a +0 short sword.
* * * LOW HITPOINT WARNING * * *
Unknown command.
Okay, then.
You feel better. Duvessa hits you with a +0 short sword!
You die...

#######.........................#
..†......#..#..................##
..#......#..#.................##
..†.................)......####
.####.<))...............#.##
....#.))##.#...........##.#
##.....##.............#####
.......##.......e)..###
.....#.e........@...#
.....#..............#
#....##..........#..#
................[..##
...#..............##
...................#
.###...###........##
.###....##.....####
!.##.....#.##..


You could see Duvessa (berserk, fast).

Vanquished Creatures
  Menkaure (D:4)
  A black bear (D:2)
  Dowan (D:4)
  Ijyb (D:3)
  An iguana (D:4)
  2 orc wizards (D:4)
  5 adders
  3 gnolls
  An ufetubus (D:4)
  A worm (D:3)
  11 orcs (D:4)
  5 endoplasms
  3 giant cockroaches (D:1)
  3 goblins
  6 hobgoblins
  5 jackals
  4 quokkas
  6 ball pythons
  6 bats
  3 frilled lizards
  4 kobolds
  4 rats
77 creatures vanquished.

Vanquished Creatures (others)
  A plant (D:1)
1 creature vanquished.

Grand Total: 78 creatures vanquished

Notes
Turn   | Place    | Note
-------+----------+-------------------------------------------
     0 | D:5      | oldriver the Palentonga Delver began the quest for the Orb.
     0 | D:5      | Reached XP level 1. HP: 19/19 MP: 1/1
    13 | D:5      | Noticed a scorpion
    21 | D:4      | Noticed an orc wizard
    21 | D:4      | Noticed an orc wizard
    25 | D:4      | Noticed Duvessa
   688 | D:3      | Reached XP level 2. HP: 21/25 MP: 2/2
  1189 | D:2      | Noticed a black bear
  1404 | D:2      | Reached skill level 3 in Axes
  1587 | D:1      | Reached XP level 3. HP: 31/31 MP: 3/3
  1897 | D:1      | Found Gamanaq's Antique Weapon Shop.
  1900 | D:1      | Bought a twisted hand axe for 120 gold pieces
  1900 | D:1      | Identified the +0 hand axe of Nuagafo {vamp, rN+ Dex+3
                  | SInv} (You bought it in a shop on level 1 of the Dungeon)
  1918 | D:1      | Found a faded altar of an unknown god.
  2302 | D:2      | Killed a black bear
  2303 | D:2      | Reached skill level 4 in Axes
  2303 | D:2      | Reached XP level 4. HP: 27/39 MP: 4/4
  2303 | D:2      | Reached XP level 5. HP: 31/44 MP: 5/5
  2645 | D:3      | Noticed Ijyb
  2690 | D:3      | Killed Ijyb
  3208 | D:4      | Reached skill level 5 in Axes
  3276 | D:4      | Reached XP level 6. HP: 47/52 MP: 6/6
  3412 | D:4      | Noticed Menkaure
  3423 | D:4      | Killed Menkaure
  3424 | D:4      | Reached skill level 5 in Fighting
  3424 | D:4      | Reached skill level 6 in Axes
  3606 | D:4      | Noticed Dowan
  3626 | D:4      | Gained mutation: Your muscles are strong. (Str +2) [potion
                  | of mutation]
  3633 | D:4      | Killed Dowan
  3634 | D:4      | Gained mutation: You curl defensively after being hit. (AC
                  | +7*) [Palentonga growth]
  3634 | D:4      | Reached XP level 7. HP: 20/59 MP: 7/7
  3636 | D:4      | Slain by Duvessa

Illustrated notes

Levels and vault maps discovered:
D:1:      ncdulo_smallfort, layout_loops_ring, serial_shops, nicolae_shop_trees,
          ebering_ecumenical_altar_abandoned, serial_bayou_crossing
D:2:      layout_basic, grunt_decor_junction
D:3:      layout_basic, dreamdust_princess_corridor, hangedman_decor_riveting,
          uniq_ijyb
D:4:      layout_cave_pools, nrook_mini_vaults, uniq_duvessa, uniq_menkaure
D:5:      layout_rooms, serial_shops, nicolae_shop_behind_doors,
          gup_sewer_entry_bubbles, uniq_pikel, uniq_prince_ribbit1

Skill      XL: |  1  2  3  4  5  6 |
---------------+-------------------+-----
Axes           | 3 4 5 6 |  6.3
Fighting       | 4 5 |  5.2
Dodging        | |  1.5
Stealth        | |  3.3

Action                   |  1- 3 |  4- 6 |  7- 9 || total
-------------------------+-------+-------+-------++-------
Melee: Hand axe          |    86 |   175 |     2 ||   263
       Tailslap          |     9 |    26 |       ||    35
       Punch             |     2 |     2 |       ||     4
 Abil: Rolling Charge    |     9 |    18 |       ||    27
  Use: Scroll            |     6 |     2 |       ||     8
       Potion            |     1 |     5 |     1 ||     7
 Stab: Sleeping          |     2 |       |       ||     2
Armor: Leather armour    |    43 |   110 |       ||   153
Dodge: Dodged            |    42 |    98 |       ||   140

Table legend: (Time is in decaauts)
 A = Elapsed time spent in this place.
 B = Non-inter-level travel time spent in this place.
 C = Inter-level travel time spent in this place.
 D = Time resting spent in this place.
 E = Time spent auto-exploring this place.
 F = Levels seen in this place.
 G = Mean time per level.
                   A        B        C        D        E       F      G
               +--------+--------+--------+--------+--------+-----+--------+
         Total |   3642 |   3557 |     85 |    808 |   2015 |   5 |  728.4 |
       Dungeon |   3642 |   3557 |     85 |    808 |   2015 |   5 |  728.4 |
               +--------+--------+--------+--------+--------+-----+--------+

Top non-repeatable levels by time:
     D:3: 1621 daAuts
     D:1: 837 daAuts
     D:2: 731 daAuts
     D:4: 432 daAuts
     D:5: 20 daAuts
